 Dungeon Crawl Stone Soup version 0.24.0-13-gcf9b319 (webtiles) character file.

Game seed: 3469710363106321205, levelgen mode: deterministic

369 Fang the Skirmisher (level 6, 0/60 HPs)
             Began as a Gargoyle Berserker on Dec 3, 2019.
             Was a Believer of Trog.
             Slain by Duvessa
             ... wielding a +0 short sword
              (5 damage)
             ... on level 4 of the Dungeon.
             The game lasted 00:02:13 (2825 turns).

Fang the Skirmisher (Gargoyle Berserker)            Turns: 2825, Time: 00:02:13

Health: 0/60       AC:  6    Str: 28    XL:     6   Next: 70%
Magic:  6/6        EV: 13    Int:  7    God:    Trog [**....]
Gold:   183        SH:  0    Dex:  9    Spells: 5/5 levels left

rFire    . . .     SeeInvis .   a - +0 hand axe
rCold    . . .     Gourm    .   (no shield)
rNeg     + . .     Faith    .   b - +0 animal skin
rPois    ∞         Spirit   .   (no helmet)
rElec    +         Reflect  .   (no cloak)
rCorr    .         Harm     .   (no gloves)
MR       .....                  (no boots)
Stlth    ..........             (no amulet)
HPRegen  0.20/turn              (no ring)
MPRegen  0.10/turn              (no ring)

@: berserking (expiring), very quick
A: negative energy resistance 1, electricity resistance, unbreathing,
petrification resistance, rot immunity, AC +4
a: Berserk, Trog's Hand, Renounce Religion


You were on level 4 of the Dungeon.
You worshipped Trog.
Trog was pleased with you.
You were hungry.

You visited 1 branch of the dungeon, and saw 4 of its levels.

You collected 183 gold pieces.

Inventory:

Hand Weapons
 a - a +0 hand axe (weapon)
Armour
 b - a +0 animal skin (worn)
Jewellery
 g - an uncursed ring of magical power {unknown}
 n - a cursed -4 ring of intelligence {unknown}
 r - an uncursed ring of fire {unknown}
 s - an uncursed ring of see invisible {unknown}
Scrolls
 d - 3 scrolls of immolation {unknown}
 e - a scroll of amnesia {unknown}
 h - 6 scrolls of identify {unknown}
 j - 3 scrolls of magic mapping {unknown}
 l - a scroll of enchant armour {unknown}
 p - a scroll of teleportation {unknown}
Potions
 f - a potion of berserk rage {unknown}
 i - a potion of cancellation {unknown}
 k - a potion of ambrosia {unknown}
 m - a potion of brilliance {unknown}
 o - a potion of mutation {unknown}
 q - a potion of haste {unknown}
Comestibles
 c - 9 rations
 t - 4 chunks of flesh


   Skills:
 + Level 4.9 Fighting
 + Level 4.0 Axes
 + Level 4.2 Armour
 + Level 3.1 Dodging


You had 5 spell levels left.
You didn't know any spells.
Your spell library was empty.

Dungeon Overview and Level Annotations

Branches:
Dungeon (4/15)
 Temple: D:4-7

Altars:
Nemelex Xobeh
Okawaru
Sif Muna

Annotations:
D:3 1 transporter
D:4 Duvessa


Innate Abilities, Weirdness & Mutations

You are resistant to torment.
Your stone body is resilient. (AC +4)
You are immune to poison.
You resist negative energy. (rN+)
You are resistant to electric shocks. (rElec)
You can survive without breathing.
You are immune to petrification.
You are immune to rotting.


Message History

You closely miss Duvessa.
Duvessa is severely wounded.
You barely miss the leopard gecko. The leopard gecko bites you.
Duvessa hits you with a +0 short sword!
* * * LOW HITPOINT WARNING * * *
You closely miss Duvessa.
Duvessa is severely wounded.
You hit the leopard gecko.
The leopard gecko completely misses you.
Duvessa closely misses you.
You hit Duvessa.
Duvessa is almost dead.
You closely miss the leopard gecko. Duvessa hits you with a +0 short sword.
* * * LOW HITPOINT WARNING * * *
The leopard gecko bites you.
* * * LOW HITPOINT WARNING * * *
You hit Duvessa.
Duvessa is almost dead.
You miss the leopard gecko. Duvessa hits you with a +0 short sword.
You die...

%# .#.
....#.
.w...
#.#.#
....
#.Z###
#l#⌠##
#e@..##
###⌠..##
##...##
##..⌠#
#.<.#
#..⌠#
#...##
#⌠..##
....##


You could see Duvessa (berserk), a worm, a leopard gecko and a leopard gecko
skeleton.

Vanquished Creatures
  A sky beast (D:3)
  A bullfrog (D:3)
  Dowan (D:4)
  A bullfrog skeleton (D:3)
  Crazy Yiuf (D:2)
  A worker ant (D:4)
  2 adders
  2 worms (D:2)
  A dart slug (D:1)
  3 leopard geckos
  3 orcs
  2 giant cockroaches
  10 goblins
  8 hobgoblins
  5 bats
  7 frilled lizards
  7 kobolds
  10 rats
66 creatures vanquished.

Notes
Turn   | Place    | Note
-------+----------+-------------------------------------------
     0 | D:1      | Fang the Gargoyle Berserker began the quest for the Orb.
     0 | D:1      | Reached XP level 1. HP: 14/14 MP: 1/1
    66 | D:1      | Reached XP level 2. HP: 15/19 MP: 2/2
   183 | D:1      | Reached * piety under Trog
   417 | D:1      | Reached XP level 3. HP: 23/23 MP: 3/3
  1031 | D:2      | Found a faded altar of an unknown god.
  1090 | D:2      | Reached ** piety under Trog
  1407 | D:2      | Reached XP level 4. HP: 24/29 MP: 4/4
  1487 | D:2      | Found an iron altar of Okawaru.
  1749 | D:2      | Found a runed translucent door.
  1750 | D:2      | Noticed Crazy Yiuf
  1757 | D:2      | Killed Crazy Yiuf
  2009 | D:3      | Reached XP level 5. HP: 17/33 MP: 5/5
  2416 | D:3      | Noticed a sky beast
  2433 | D:3      | Killed a sky beast
  2433 | D:3      | Reached XP level 6. HP: 26/39 MP: 6/6
  2586 | D:3      | Found a shimmering blue altar of Sif Muna.
  2658 | D:3      | Found a sparkling altar of Nemelex Xobeh.
  2658 | D:3      | Found a transporter.
  2809 | D:4      | Noticed Duvessa
  2809 | D:4      | Noticed Dowan
  2821 | D:4      | Killed Dowan
  2825 | D:4      | Slain by Duvessa

Levels and vault maps discovered:
D:1:      ncdulo_halloftheorcs, layout_basic, minmay_misc_feat_iff,
          minmay_hedge_maze, minmay_misc_feat_tiny
D:2:      layout_loops_ring, okawaru_metal_pillars_3,
          chequers_ecumenical_altar_island, minmay_split_cup_large,
          uniq_crazy_yiuf_cottage
D:3:      minmay_general_purpose_star, layout_basic, lemuel_doored_altar,
          grunt_nemelex_the_gamble
D:4:      layout_loops_cross, lemuel_crystal_altar, fedhas_altar_1,
          first_ration, serial_shops, nicolae_shop_crystal,
          portal_sewer_entry_b, grunt_ministairs_8, trog_wizard, uniq_duvessa

Skill      XL: |  1  2  3  4  5  6 |
---------------+-------------------+-----
Axes           | 3 4 |  4.0
Dodging        | 2 3 |  3.1
Armour         | 3 4 |  4.2
Fighting       | 4 |  4.9

Action                   |  1- 3 |  4- 6 || total
-------------------------+-------+-------++-------
Melee: Hand axe          |   129 |   107 ||   236
Invok: Berserk           |     2 |     3 ||     5
  Eat: Chunk             |     3 |     7 ||    10
Armor: Animal skin       |    32 |    37 ||    69
Dodge: Dodged            |   101 |    71 ||   172
